 Dungeon Crawl Stone Soup version 0.30-a0-269-gf0224bf7b6 (webtiles) character file.

Game seed: 1448806011120927619

79 ReploidZero the Shooter (level 4, 0/42 HPs)
             Began as a Tengu Hunter on Oct 14, 2022.
             Slain by Sigmund
             ... wielding a +3 scythe of venom
              (1 damage)
             ... on level 2 of the Dungeon.
             The game lasted 00:05:49 (1210 turns).

ReploidZero the Shooter (Tengu Hunter)              Turns: 1210, Time: 00:05:52

Health: 0/42       AC: 22    Str: 11    XL:     4   Next: 37%
Magic:  5/5        EV:  2    Int:  9    God:
Gold:   108        SH:  0    Dex: 20    Spells: 3/3 levels left

rFire   . . .      SeeInvis .    a - +0 shortbow
rCold   . . .      Faith    .    (shield currently unavailable)
rNeg    . . .      Spirit   .    (body armour currently unavailable)
rPois   +          Reflect  .    (helmet currently unavailable)
rElec   .          Harm     .    (cloak currently unavailable)
rCorr   .          Rampage  .    (gloves currently unavailable)
Will    .....      NoTele   +    (boots unavailable)
Stlth   ++........               (no amulet)
HPRegen 0.27/turn                k - ring of poison resistance
MPRegen 0.09/turn                (no ring)

@: mighty, lethally poisoned (0 -> -14), tree-form
A: stationary, stasis, torment immunity, boosted hp, (beak), (talons 3)
a: no special abilities


You were on level 2 of the Dungeon.
You were a tree.
You visited 1 branch of the dungeon, and saw 2 of its levels.

You collected 108 gold pieces.

Inventory:

Hand Weapons
 a - a +0 shortbow (weapon)
Armour
 c - a +0 leather armour (melded)
Jewellery
 h - a ring of wizardry
 k - a ring of poison resistance (left branch)
Scrolls
 b - a scroll of immolation
 f - 2 scrolls of teleportation {unknown}
 g - a scroll of butterflies {unknown}
 i - a scroll of identify {unknown}
 m - a scroll of poison {unknown}
Potions
 e - a potion of cancellation {unknown}
 j - a potion of attraction {unknown}
 l - a potion of might


   Skills:
 + Level 3.0 Fighting
 + Level 5.1 Ranged Weapons
 + Level 3.3 Dodging
 - Level 1.0 Stealth


You had 3 spell levels left.
You didn't know any spells.
Your spell library contained the following spells:

 Spells                   Type           Power      Damage    Failure   Level
 Portal Projectile        Hex/Tloc       0%         N/A       77%         3
 Tukima's Dance           Hex            0%         N/A       77%         3
 Blade Hands              Tmut           0%         N/A       100%        5


Dungeon Overview and Level Annotations

Branches:
Dungeon (2/15)

Altars:

Annotations:
D:2 Sigmund


Innate Abilities, Weirdness & Mutations

You are a tree.
Your roots penetrate the ground, keeping you stationary.
You cannot be teleported.
You are immune to unholy pain and torment.
Your maximum health is greatly increased.
Your equipment is partially melded.
((You have a beak for a mouth.))
((You have claws for feet.))


Message History

You close the door.
You open the door.
There is an open door here.
Sigmund is nearby!
Sigmund is nearby!
Fire: a) +0 shortbow
Press: ? - help, Q - select action Shift-Dir - straight line, f - Sigmund
Aim: Sigmund, wielding a +3 scythe of venom and wearing a +0 robe (moderately wounded, 62% to hit)
Okay, then.
You aren't carrying any items that you can evoke.
Fire: a) +0 shortbow
Press: ? - help, Q - select action Shift-Dir - straight line, f - Sigmund
Aim: Sigmund, wielding a +3 scythe of venom and wearing a +0 robe (moderately wounded, 62% to hit)
You shoot an arrow. The arrow completely misses Sigmund.
Sigmund closely misses you.
Fire: a) +0 shortbow
Press: ? - help, Q - select action Shift-Dir - straight line, f/p - Sigmund
Aim: Sigmund, wielding a +3 scythe of venom and wearing a +0 robe (moderately wounded, 62% to hit)
You shoot an arrow. The arrow completely misses Sigmund.
Unknown command.
Fire: a) +0 shortbow
Press: ? - help, Q - select action Shift-Dir - straight line, f/p - Sigmund
Aim: Sigmund, wielding a +3 scythe of venom and wearing a +0 robe (moderately wounded, 62% to hit)
You shoot an arrow. The arrow hits Sigmund.
Sigmund is heavily wounded.
Sigmund hits you from afar with a +3 scythe of venom!
You are lethally poisoned!
It was a potion of might.
You feel very mighty all of a sudden.
You feel very sick.
Sigmund says, "You will soon forget everything."
Sigmund hits you from afar with a +3 scythe of venom.
* * * LOW HITPOINT WARNING * * *
It was a potion of lignification.
You turn into a tree.
Your +0 leather armour melds into your body.
Your roots penetrate the ground.
* * * LOW HITPOINT WARNING * * *
You feel very sick.
Sigmund hits you from afar with a +3 scythe of venom.
You die...

#'###...#.#....#.##............#.
♣..♣#...#.#....#.##............#.
...♣#...#.#....#.##............#.
♣.♣)#...#.#...##.###+###.#'#####.
.♣.♣#...#.#......###.##.......##.
#####.....#....)).....+.......###
.>.............#####.##.......'..
.........##...######.##.......###
....).........@.♣....##.......#
........###...######..'.......#
........# ##### #.##.=.....#
......### #.##.......# ......#
#.#....##### ......# #.####.#
......# #.# #.# ......# #.# #.#
......# ######.# #.#


You could see Sigmund.

Vanquished Creatures
  Jessica (D:2)
  An adder (D:2)
  A worm (D:2)
  5 endoplasms
  2 giant cockroaches (D:1)
  11 goblins
  3 hobgoblins
  3 ball pythons (D:1)
  2 bats (D:1)
  A frilled lizard (D:2)
  4 kobolds
  5 rats
39 creatures vanquished.

Notes
Turn   | Place    | Note
-------+----------+-------------------------------------------
     0 | D:1      | ReploidZero the Tengu Hunter began the quest for the Orb.
     0 | D:1      | Reached XP level 1. HP: 12/12 MP: 2/2
    44 | D:1      | Reached XP level 2. HP: 17/17 MP: 3/3
   516 | D:2      | Noticed Jessica
   524 | D:1      | Reached XP level 3. HP: 22/22 MP: 4/4
   528 | D:2      | Killed Jessica
   608 | D:2      | Noticed Sigmund
   610 | D:2      | Reached skill level 5 in Ranged Weapons
   670 | D:2      | Reached XP level 4. HP: 25/27 MP: 5/5
  1210 | D:2      | HP: 1/42 [poisoned by Sigmund]
  1210 | D:2      | Slain by Sigmund

Illustrated notes

Levels and vault maps discovered:
D:1:      nzn_arrival_settlement, layout_basic
D:2:      layout_basic, chequers_arboretum, uniq_sigmund, uniq_jessica

Skill      XL: |  1  2  3  4 |
---------------+-------------+-----
Dodging        | 3 |  3.3
Ranged Weapons | 5 |  5.1
Fighting       | 3 |  3.0
Stealth        | |  1.0

Action                   |  1- 3 |  4- 6 || total
-------------------------+-------+-------++-------
 Fire: Shortbow          |    67 |    29 ||    96
  Use: Potion            |       |     2 ||     2
Armor: Leather armour    |     2 |     2 ||     4
Dodge: Dodged            |    11 |     2 ||    13

Table legend: (Time is in decaauts)
 A = Elapsed time spent in this place.
 B = Non-inter-level travel time spent in this place.
 C = Inter-level travel time spent in this place.
 D = Time resting spent in this place.
 E = Time spent auto-exploring this place.
 F = Levels seen in this place.
 G = Mean time per level.
                   A        B        C        D        E       F      G
               +--------+--------+--------+--------+--------+-----+--------+
         Total |   1240 |   1178 |     62 |      0 |    933 |   2 |  620.0 |
       Dungeon |   1240 |   1178 |     62 |      0 |    933 |   2 |  620.0 |
               +--------+--------+--------+--------+--------+-----+--------+

Top non-repeatable levels by time:
     D:2: 671 daAuts
     D:1: 569 daAuts
